 Dungeon Crawl Stone Soup version 0.23.2-40-g277498a001 (webtiles) character file.

Game seed: 17501823243612859371

29677 Curus the Cruncher (level 13, -3/104 HPs)
             Began as a Demonspawn Gladiator on Oct 2, 2019.
             Was a High Priest of Makhleb.
             Killed from afar by a starcursed mass (13 damage)
             ... with an accursed screaming
             ... on level 2 of the Abyss.
             The game lasted 01:42:38 (11036 turns).

Curus the Cruncher (Demonspawn Gladiator)          Turns: 11036, Time: 01:42:39

Health: -3/104     AC: 22    Str: 13    XL:     13   Next: 16%
Magic:  0/20       EV: 21    Int: 10    God:    Makhleb [*****.]
Gold:   977        SH:  6    Dex: 22    Spells: 12/12 levels left

rFire    + + +     SeeInvis .   a - +2 quarterstaff
rCold    x . .     Gourm    .   (shield currently unavailable)
rNeg     + . .     Faith    .   X - +3 leather armour {rF+}
rPois    +         Spirit   +   O - +2 helmet
rElec    .         Reflect  +   U - +2 ratskin cloak {+Rats rPois rN+ Str-1 Int-1 Dex+1}
rCorr    .         Harm     .   (no gloves)
MR       .....                  L - +0 pair of boots
Stlth    ++........             p - +6 amulet of reflection
HPRegen  0.27/turn              E - ring of fire
MPRegen  0.34/turn              C - ring of protection from fire

@: sanguine armour
A: talons 2, agile 1, mutation resistance 1, spiny 1, magic shield, magic
regeneration, sanguine armour 2
a: Minor Destruction, Lesser Servant of Makhleb, Major Destruction, Greater
Servant of Makhleb, Renounce Religion, Evoke Ratskin


You were on level 2 of the Abyss.
You worshipped Makhleb.
Makhleb was extremely pleased with you.
You were not hungry.

You visited 3 branches of the dungeon, and saw 15 of its levels.
You visited the Abyss 1 time.
You also visited: Ossuary, Ice Cave and Volcano.

You collected 977 gold pieces.

Inventory:

Hand Weapons
 a - a +2 quarterstaff (weapon)
Missiles
 d - 2 throwing nets (quivered)
Armour
 y - a +2 ring mail of magic resistance
 K - a +0 troll leather armour
 L - a +0 pair of boots (worn)
 O - a +2 helmet (worn)
 U - the +2 ratskin cloak (worn) {+Rats rPois rN+ Str-1 Int-1 Dex+1}
   (You found it on level 3 of the Lair of Beasts)

   It affects your strength (-1).
   It affects your intelligence (-1).
   It affects your dexterity (+1).
   It protects you from poison.
   It protects you from negative energy.
 X - a +3 leather armour of fire resistance (worn)
Jewellery
 b - an uncursed ring of attention
 g - an uncursed amulet of rage
 h - an uncursed ring of stealth
 p - a +6 amulet of reflection (around neck)
 u - a +2 ring of dexterity
 v - an uncursed ring of positive energy
 x - the ring "Feaviheb" {*Tele rF+ rC+ rN+}
   (You found it on level 6 of the Dungeon)

   [ring of teleportation]

   It may teleport you next to monsters.
   It protects you from fire.
   It protects you from cold.
   It protects you from negative energy.
 B - an uncursed ring of protection from cold
 C - a ring of protection from fire (right hand)
 E - a ring of fire (left hand)
 G - a cursed -2 ring of protection
 H - an uncursed ring of ice
 I - an uncursed amulet of faith
 R - an uncursed amulet of harm
 S - an uncursed ring of magical power
Wands
 j - a wand of flame (54)
 q - a wand of digging (4)
 t - a wand of enslavement (20)
 z - a wand of iceblast (6)
 A - a wand of paralysis (26)
 J - a wand of disintegration (11)
 V - a wand of acid (9)
Scrolls
 e - 2 scrolls of magic mapping
 i - 10 scrolls of teleportation
 l - 6 scrolls of remove curse
 m - 6 scrolls of identify
 r - 5 scrolls of amnesia
 D - a scroll of blinking
 F - 3 scrolls of fog
 N - a scroll of fear
Potions
 n - 7 potions of haste
 o - 4 potions of flight
 s - 5 potions of curing
 w - 3 potions of heal wounds
 M - 2 potions of might
 Q - a potion of cancellation
 T - a potion of agility
 Y - a potion of brilliance
 Z - a potion of berserk rage
Comestibles
 f - 19 rations


   Skills:
 + Level 10.6 Fighting
 - Level 14.0 Staves
 - Level 1.7 Throwing
 + Level 10.0 Dodging
 - Level 10.1 Invocations


You had 12 spell levels left.
You didn't know any spells.
Your spell library contained the following spells:

 Spells                   Type           Power        Failure   Level  Hunger
 Confusing Touch          Hex            #.....       43%         1    ##.....
 Magic Dart               Conj           #...         43%         1    ##.....
 Blink                    Tloc           N/A          58%         2    ###....
 Call Imp                 Summ           #.......     58%         2    ###....
 Searing Ray              Conj           #.....       58%         2    ###....
 Slow                     Hex            #.......     58%         2    ###....
 Confuse                  Hex            #.......     82%         3    ####...
 Conjure Flame            Conj/Fire      #.......     82%         3    ####...
 Dazzling Spray           Conj/Hex       #.....       82%         3    ####...
 Gell's Gravitas          Tloc           #.........   82%         3    ####...
 Mephitic Cloud           Conj/Pois/Air  #.......     82%         3    ####...
 Force Lance              Conj/Tloc      #.......     99%         4    #####..
 Fulminant Prism          Conj/Hex       #.........   99%         4    #####..
 Iskenderun's Mystic Bla  Conj           #.......     99%         4    #####..
 Petrify                  Tmut/Erth      #.......     99%         4    #####..
 Metabolic Englaciation   Hex/Ice        #.........   100%        5    ######.
 Yara's Violent Unravell  Hex/Tmut       #.........   100%        5    ######.


Dungeon Overview and Level Annotations

Branches:
Dungeon (10/15)            Temple (1/1) D:4            Lair (4/6) D:10
 Shoals (0/4) Lair:2       Spider (0/4) Lair:4
    Orc: D:9-12

Altars:
Ashenzari
Cheibriados
Dithmenos
Elyvilon
Gozag
Kikubaaqudgha
Makhleb
Nemelex Xobeh
Ru
Sif Muna
Uskayaw
Vehumet
Xom
Yredelemnul
The Shining One


Innate Abilities, Weirdness & Mutations

You have razor-sharp toenails.
You are partially covered in sharp spines.
When hurt, damage is shared between your health and your magic reserves.
You regenerate magic rapidly.
When seriously injured, your bleeding wounds create thick armour. (AC +9)
You are agile. (Dex +2)
You are somewhat resistant to further mutation.


Message History

A starcursed mass splits. x2
You hit the starcursed mass.
The starcursed mass is heavily damaged.
The starcursed mass shudders and is absorbed by its neighbour.
The raiju is struck by your spines. The raiju misses you.
The starcursed mass is struck by your spines.
The starcursed mass completely misses you.
The starcursed mass shudders and is absorbed by its neighbour.
You hit the starcursed mass.
The starcursed mass is heavily damaged.
The starcursed mass shudders and is absorbed by its neighbour.
A starcursed mass splits. x2
You hit the starcursed mass.
The starcursed mass is moderately damaged.
The starcursed mass shudders and withdraws towards its neighbour. x4
The raiju bursts into living lightning!
The living lightning hits you but does no damage.
The raiju blinks!
A deafening chorus of shrieks assaults your mind!
You die...

. #.. .# .. .
###.## # .
#..#...## > #
##.#.## ## # ...#
#...#. ##
#...#..#.##..# .
§§h@#.. ##...# .#
.#X.XXX....#
...#.#X#.#X.##..#
.#.§.###....#
##..# .. ###.##
.# ### # ## .# .
# . #. #. #


You could see 6 starcursed masses and a raiju.

Vanquished Creatures
  Gastronok (Lair:1)
  3 hydras
  A dancing weapon (Volcano)
  The ghost of chimenez the Carver, a novice BaMo of Cheibriados (D:7)
  3 wizards (Volcano)
  A necromancer (IceCv)
  Pikel (D:5)
  A large abomination (Abyss:2)
  An oklob plant (Lair:4)
  5 elephants (Lair:3)
  A manticore (Lair:2)
  4 toenail golems (Volcano)
  3 black mambas
  3 ice statues (IceCv)
  An orange demon (Abyss:2)
  2 spiny frogs (Lair:1)
  6 komodo dragons
  6 ice devils (IceCv)
  4 trolls
  The ghost of Ihlosi the Ducker, an amateur DrCj (D:5)
  2 hornets
  Prince Ribbit (D:5)
  5 blink frogs (Lair:1)
  Sigmund (D:5)
  8 hippogriffs
  A vampire (D:10)
  10 yaks
  4 basilisks
  A wyvern (D:8)
  3 water moccasins
  An orc warrior (D:10)
  7 porcupines
  8 ice beasts
  2 phantoms
  2 sky beasts
  2 slaves (D:5)
  6 wolves (Lair:1)
  5 ogres
  4 centaurs
  7 crocodiles
  6 bullfrogs
  8 water moccasin zombies
  A gnoll sergeant (D:5)
  An electric eel (Lair:1)
  3 wights (D:8)
  4 crimson imps
  A bullfrog zombie (D:7)
  A jelly (D:8)
  5 hounds
  5 orc wizards
  3 quasits (D:5)
  3 orc priests
  A bullfrog skeleton (D:6)
  2 iguanas (Lair:2)
  Ijyb (D:5)
  5 worker ants
  5 troll simulacra (IceCv)
  A big kobold zombie (Ossuary)
  A bullfrog simulacrum (D:7)
  2 centaur simulacra
  A hound skeleton (D:7)
  A killer bee simulacrum (D:7)
  3 mummies
  Robin (D:2)
  7 gnolls (D:5)
  5 adders
  4 naga simulacra (IceCv)
  3 shadow imps
  3 white imps (D:7)
  An ooze (D:2)
  7 adder zombies
  4 worms
  A dart slug (D:1)
  6 leopard geckos
  33 orcs
  8 giant cockroaches
  2 gnoll zombies (Ossuary)
  14 goblins
  8 hobgoblins
  6 jackals
  3 quokkas
  7 bats
  5 frilled lizards
  3 hobgoblin zombies (Ossuary)
  11 kobolds
  6 kobold zombies (Ossuary)
  2 leopard gecko zombies
  7 orc zombies (Ossuary)
  A quokka zombie (D:8)
  3 rats
354 creatures vanquished.

Vanquished Creatures (collateral kills)
  An ice devil (IceCv)
  A wolf (Lair:1)
  A fungus (Lair:1)
3 creatures vanquished.

Vanquished Creatures (others)
  2 fungi
2 creatures vanquished.

Grand Total: 359 creatures vanquished

Notes
Turn   | Place    | Note
-------+----------+-------------------------------------------
     0 | D:1      | Curus the Demonspawn Gladiator began the quest for the Orb.
     0 | D:1      | Reached XP level 1. HP: 16/16 MP: 1/1
    67 | D:1      | Reached skill level 3 in Staves
   187 | D:1      | Gained mutation: When seriously injured, your bleeding
                  | wounds create armour. (AC +9) [demonic ancestry]
   187 | D:1      | Reached XP level 2. HP: 9/22 MP: 2/2
   841 | D:2      | Gained mutation: When seriously injured, your bleeding
                  | wounds create thick armour. (AC +9) [demonic ancestry]
   841 | D:2      | Reached XP level 3. HP: 25/27 MP: 3/3
   900 | D:2      | Reached skill level 4 in Staves
   906 | D:2      | Found a white marble altar of Elyvilon.
  1134 | D:2      | Reached XP level 4. HP: 15/33 MP: 4/4
  1272 | D:2      | Noticed Robin
  1283 | D:2      | Killed Robin
  1373 | D:2      | Reached skill level 5 in Staves
  1550 | D:2      | Found a deep blue altar of Sif Muna.
  1916 | D:3      | Gained mutation: You have sharp toenails. [demonic
                  | ancestry]
  1916 | D:3      | Reached XP level 5. HP: 35/38 MP: 5/5
  2451 | D:4      | Found an ancient bone altar of Kikubaaqudgha.
  2476 | D:4      | Noticed an ogre
  2482 | D:4      | Killed an ogre
  2594 | D:4      | Reached skill level 6 in Staves
  2617 | D:4      | Found a staircase to the Ecumenical Temple.
  2651 | Temple   | Entered the Ecumenical Temple
  2657 | Temple   | Became a worshipper of Makhleb the Destroyer
  2964 | D:4      | Found a sparkling altar of Nemelex Xobeh.
  3140 | D:5      | Entered Level 5 of the Dungeon
  3152 | D:5      | Gained mutation: You are partially covered in sharp spines.
                  | [demonic ancestry]
  3152 | D:5      | Reached XP level 6. HP: 44/44 MP: 6/6
  3219 | D:5      | Reached skill level 7 in Staves
  3241 | D:5      | Found a white marble altar of Elyvilon.
  3248 | D:5      | Noticed Ijyb
  3249 | D:5      | Noticed Sigmund
  3261 | D:5      | Killed Sigmund
  3261 | D:5      | Gained mutation: When hurt, damage is shared between your
                  | health and your magic reserves. [demonic ancestry]
  3261 | D:5      | Reached XP level 7. HP: 31/50 MP: 7/7
  3276 | D:5      | Killed Ijyb
  3279 | D:5      | Noticed Prince Ribbit
  3291 | D:5      | Killed Prince Ribbit
  3291 | D:5      | Reached skill level 8 in Staves
  3374 | D:5      | Noticed a +0 hand axe
  3374 | D:5      | Noticed a +0 hand axe
  3378 | D:5      | Found a hide-covered altar of Uskayaw.
  3398 | D:5      | Reached skill level 9 in Staves
  3398 | D:5      | Gained mutation: You have razor-sharp toenails. [demonic
                  | ancestry]
  3398 | D:5      | Reached XP level 8. HP: 44/56 MP: 8/8
  3423 | D:5      | Found a sand-covered staircase.
  3446 | D:5      | Reached * piety under Makhleb
  3479 | Ossuary  | Entered an ossuary
  3600 | Ossuary  | Reached skill level 10 in Staves
  3622 | Ossuary  | Reached ** piety under Makhleb
  3668 | Ossuary  | Gained mutation: You are agile. (Dex +2) [potion of
                  | mutation]
  3668 | Ossuary  | Gained mutation: You are somewhat resistant to further
                  | mutation. [potion of mutation]
  3703 | D:5      | Noticed Ihlosi's ghost (amateur DrCj)
  3705 | D:5      | Noticed Pikel
  3731 | D:5      | Found a transporter.
  3745 | D:5      | Killed Pikel
  3745 | D:5      | Reached skill level 11 in Staves
  3745 | D:5      | Reached XP level 9. HP: 51/61 MP: 7/9
  3834 | D:5      | Found a transporter.
  4017 | D:5      | Killed Ihlosi's ghost
  4318 | D:6      | Got a scintillating platinum ring
  4319 | D:6      | Found a radiant altar of Vehumet.
  4349 | D:6      | Identified the ring "Feaviheb" {*Tele rF+ rC+ rN+} (You
                  | found it on level 6 of the Dungeon)
  4417 | D:6      | Reached skill level 12 in Staves
  4698 | D:6      | Found a sparkling altar of Nemelex Xobeh.
  4698 | D:6      | Found a glowing golden altar of the Shining One.
  4703 | D:6      | Found a shimmering altar of Xom.
  4705 | D:6      | Found a faded altar of an unknown god.
  4711 | D:6      | Found a faded altar of an unknown god.
  4836 | D:7      | Noticed chimenez's ghost (novice BaMo)
  4886 | D:7      | Found a runed translucent gate.
  4886 | D:7      | Found a runed translucent gate.
  4944 | D:7      | Found a runed translucent gate.
  4967 | D:7      | Found a shattered altar of Ashenzari.
  5007 | D:7      | Noticed a troll
  5019 | D:7      | Killed a troll
  5328 | D:7      | Reached *** piety under Makhleb
  5346 | D:7      | Reached skill level 13 in Staves
  5468 | D:7      | Gained mutation: You regenerate magic rapidly. [demonic
                  | ancestry]
  5468 | D:7      | Reached XP level 10. HP: 67/67 MP: 8/10
  5757 | D:7      | Killed chimenez's ghost
  6131 | D:8      | Paralysed by a hornet for 1 turns
  6135 | D:8      | Paralysed by a hornet for 1 turns
  6135 | D:8      | Reached skill level 14 in Staves
  6220 | D:8      | Found a shadowy altar of Dithmenos.
  6227 | D:8      | Reached **** piety under Makhleb
  6962 | D:9      | Found a snail-covered altar of Cheibriados.
  6972 | D:9      | Reached skill level 5 in Dodging
  7068 | D:10     | Entered Level 10 of the Dungeon
  7068 | D:10     | Found a staircase to the Lair.
  7076 | D:10     | Reached skill level 5 in Fighting
  7082 | D:10     | Reached XP level 11. HP: 59/79 MP: 7/11
  7132 | Lair:1   | Entered Level 1 of the Lair of Beasts
  7134 | Lair:1   | Reached skill level 1 in Invocations
  7194 | Lair:1   | Noticed Gastronok
  7234 | Lair:1   | Killed Gastronok
  7551 | Lair:1   | Reached skill level 10 in Invocations
  7640 | Lair:1   | Found a frozen archway.
  7659 | IceCv    | Entered an ice cave
  7841 | IceCv    | Reached ***** piety under Makhleb
  7914 | IceCv    | Reached XP level 12. HP: 26/89 MP: 6/19
  8056 | IceCv    | Got a bronze ring mail
  8961 | Lair:2   | Found a staircase to the Shoals.
  9531 | Lair:2   | Identified the +4 ring mail "Nevef" {Stlth+} (You found it
                  | in an ice cave)
  9758 | Lair:3   | Found the +2 ratskin cloak {+Rats rPois rN+ Str-1 Int-1
                  | Dex+1}
  9875 | Lair:3   | Noticed a seven-headed hydra
  9914 | Lair:2   | Killed a seven-headed hydra
 10027 | Lair:3   | Noticed a four-headed hydra
 10042 | Lair:3   | Killed a four-headed hydra
 10549 | Lair:4   | Noticed a six-headed hydra
 10560 | Lair:4   | Killed a six-headed hydra
 10650 | Lair:4   | Found a hole to the Spider Nest.
 10674 | Lair:4   | Found a dark tunnel.
 10686 | Volcano  | Entered a volcano
 10705 | Volcano  | Reached skill level 10 in Fighting
 10730 | Volcano  | Reached XP level 13. HP: 103/103 MP: 18/20
 10939 | Volcano  | Cast into level 2 of the Abyss (a wizard)
 10995 | Abyss:2  | Noticed a starcursed mass
 10999 | Abyss:2  | Noticed a starcursed mass
 11007 | Abyss:2  | Reached skill level 10 in Dodging
 11027 | Abyss:2  | Paralysed by accursed screaming for 1 turns
 11036 | Abyss:2  | Killed from afar by a starcursed mass

Skill      XL: |  1  2  3  4  5  6  7  8  9 10 11 12 13 |
---------------+----------------------------------------+-----
Staves         | 3 4 5 6 7 9 11 13 14 | 14.0
Dodging        | 5 6 9 10 | 10.0
Fighting       | 5 6 10 | 10.6
Invocations    | 10 | 10.1
Throwing       | |  1.7

Action                   |  1- 3 |  4- 6 |  7- 9 | 10-12 | 13-15 || total
-------------------------+-------+-------+-------+-------+-------++-------
Melee: Quarterstaff      |   117 |   154 |   347 |   967 |    99 ||  1684
       Kick              |       |    15 |   138 |   109 |       ||   262
Throw: Throwing net      |       |       |     1 |       |       ||     1
Invok: Lesser Servant of |       |       |       |     4 |       ||     4
       Minor Destruction |       |       |       |     6 |     1 ||     7
Evoke: Wand              |       |     3 |     1 |     3 |       ||     7
  Use: Scroll            |     5 |     4 |     4 |     6 |     1 ||    20
       Potion            |     2 |     9 |     2 |     4 |       ||    17
 Stab: Sleeping          |       |     4 |     5 |     3 |     1 ||    13
       Distracted        |       |       |     1 |     5 |       ||     6
       Held in net/web   |       |       |     1 |       |       ||     1
  Eat: Chunk             |     1 |     7 |     7 |    10 |       ||    25
       Ration            |       |       |       |     2 |     1 ||     3
Armor: Leather armour    |    30 |    48 |    65 |       |    10 ||   153
       Ring mail         |       |       |    42 |    69 |       ||   111
       Troll leather arm |       |       |       |   105 |       ||   105
       Robe              |       |       |       |       |    14 ||    14
Dodge: Dodged            |    71 |    62 |   158 |   387 |    52 ||   730
Block: Other             |       |     4 |    86 |   166 |    19 ||   275
       Reflection        |       |     1 |     7 |     1 |       ||     9
